cohdb
Replays
Latest Replays
All Replays
Popular Replays
Top Player Replays
Match Explorer
How It Works
Community
CoH3 Stats
Reddit
Sign in to upload your games and track your stats! →
Sign in with Steam
Match 46766704
Unlisted
Match 46766704
Overview
Messages
Build Orders
End
Engineer Squad
Construct Barracks
Selects Special Operations Battlegroup
1⁄4-ton 4x4 Truck
Riflemen Squad
M1 Mortar Team
Mechanized Support Center
Construct Motor Pool
M1 Anti-tank Gun Team
Selects M29 Weasel with M1 Pack Howitzer
M29 Weasel with M1 Pack Howitzer
M8 Greyhound Armored Car
Designate Forward Repair Station
Improvised Armor
Selects Smoke Screen
M1 Anti-tank Gun Team
Engineer Squad
Selects SSF Commando Squad
SSF Commando Squad
SSF Commando Squad
Construct Tank Depot
M4A1 Sherman Medium Tank
Selects P-47 Anti-Infantry Loiter
M4A1 Sherman Medium Tank
M4A1 76mm Conversion
P-47 Anti-Infantry Loiter
Selects UNKNOWN (2162291)
M4A1(76) Sherman Medium Tank
P-47 Anti-Infantry Loiter
Selects Air Re-supply Operation
Air Re-Supply Operation
Trivolka
Chicken
Angrybirds
Xufe
0
0
Comments
sign in to comment!
No comments posted yet!